 Dungeon Crawl Stone Soup version 0.20.0-15-g7f486f2 (webtiles) character file.

12366 dricus the Brawler (level 11, -7/109 HPs)
             Began as a Troll Monk on June 12, 2017.
             Was a High Priest of Okawaru.
             Mangled by Snorg (15 damage)
             ... on level 10 of the Dungeon.
             The game lasted 00:19:31 (10506 turns).

dricus the Brawler (Troll Monk)                    Turns: 10506, Time: 00:19:31

Health: -7/109     AC: 11    Str: 17    XL:     11   Next: 61%
Magic:  10/12      EV: 13    Int:  8    God:    Okawaru [*****.]
Gold:   369        SH:  0    Dex: 13    Spells: 10/10 levels left

rFire    + . .     SeeInvis .     - Unarmed
rCold    + + +     Gourm    +   (no shield)
rNeg     . . .     Faith    .   t - +2 troll leather armour "Namoagg" {rC+++ Regen+ Str-4 Stlth+}
rPois    .         Spirit   .   C - +2 hat
rElec    .         Reflect  .   (no cloak)
rCorr    .         Harm     .   (gloves unavailable)
MR       .....                  (boots unavailable)
Stlth    +++++.....             (no amulet)
Regen    1.1/turn               r - ring of stealth
MPRegen  0.2/turn               G - ring of protection from fire

@: heroism
A: unfitting armour, claws 3, fast metabolism 3, gourmand, regeneration 1,
shaggy fur 1, tough skin 2
a: Heroism, Finesse, Renounce Religion


You were on level 10 of the Dungeon.
You worshipped Okawaru.
Okawaru was extremely pleased with you.
You were completely stuffed.

You visited 2 branches of the dungeon, and saw 11 of its levels.
You also visited: Ossuary.

You collected 534 gold pieces.
You spent 165 gold pieces at shops.

Inventory:

Hand Weapons
 a - a +0 hunting sling
Missiles
 e - 336 stones (quivered)
 i - 58 sling bullets
Armour
 t - the +2 troll leather armour "Namoagg" (worn) {rC+++ Regen+ Str-4 Stlth+}
   (Okawaru gifted it to you on level 8 of the Dungeon)

   It affects your strength (-4).
   It renders you almost immune to cold.
   It increases your rate of regeneration.
   It makes you more stealthy.
 C - a +2 hat (worn)
 H - a +2 robe of magic resistance
 W - a +0 shield
Jewellery
 r - a ring of stealth (left claw)
 G - a ring of protection from fire (right claw)
 M - an uncursed ring of ice
Wands
 k - a wand of confusion (34/48)
 y - a wand of enslavement (19/24)
 A - a wand of confusion (22/48)
 B - a wand of clouds (7/9)
 O - a wand of acid (9/15)
 P - a wand of random effects (19/48)
 S - a wand of iceblast (6/15)
Scrolls
 d - a scroll of enchant armour
 f - a scroll of blinking {unknown}
 g - 2 scrolls of amnesia {unknown}
 h - 7 scrolls of teleportation
 m - 2 scrolls of immolation
 u - a scroll of enchant weapon {unknown}
 v - a scroll of fog
 w - a scroll of fear
 F - 3 scrolls of remove curse
 R - a scroll of holy word {unknown}
 U - a scroll of identify {@r9}
Potions
 c - 2 potions of heal wounds {unknown}
 j - 3 potions of lignification
 l - 5 potions of might
 n - a potion of cancellation {unknown}
 o - 3 potions of mutation
 p - 3 potions of berserk rage {unknown}
 q - 3 potions of resistance {unknown}
 s - a potion of brilliance {unknown}
 z - 5 potions of curing
 I - 2 potions of flight {unknown}
 J - 3 potions of haste {unknown}
 K - a potion of agility {unknown}
 V - a potion of ambrosia {unknown}
Books
 E - a book of Cantrips

   Spells                             Type                      Level
   a - Confusing Touch                Hexes                        1
   b - Animate Skeleton               Necromancy                   1
   c - Summon Small Mammal            Summoning                    1
   d - Apportation                    Translocation                1
 Q - a book of Minor Magic

   Spells                             Type                      Level
   a - Magic Dart                     Conjuration                  1
   b - Blink                          Translocation                2
   c - Call Imp                       Summoning                    2
   d - Slow                           Hexes                        2
   e - Conjure Flame                  Conjuration/Fire             3
   f - Mephitic Cloud                 Conjuration/Poison/Air       3
Miscellaneous
 N - a phial of floods
Comestibles
 b - 8 bread rations
 x - 16 royal jellies
 D - 4 fruits
 L - 4 meat rations
 T - 9 chunks of flesh


   Skills:
 + Level 7.2(12.2) Fighting
 - Level 2.4(7.4) Dodging
 - Level 1.0(6.0) Stealth
 * Level 15.6(20.6) Unarmed Combat
 + Level 3.7 Invocations


You had 10 spell levels left.
You didn't know any spells.

Dungeon Overview and Level Annotations

Branches:
Dungeon (10/15)            Temple (1/1) D:5            Lair (0/6) D:10
    Orc (0/2) D:10

Altars:
Ashenzari
Cheibriados
Dithmenos
Elyvilon
Fedhas
Gozag
Hepliaklqana
Kikubaaqudgha
Makhleb
Nemelex Xobeh
Okawaru
Qazlal
Ru
Sif Muna
Trog
Uskayaw
Vehumet
Xom
Yredelemnul
Zin
The Shining One

Shops:
D:5 (   D:6 ?

Annotations:
D:10 Snorg


Innate Abilities, Weirdness & Mutations

You are too large for most types of armour.
You have claws for hands.
Your metabolism is lightning-fast.
You like to eat raw meat.
Your natural rate of healing is unusually fast.
You are covered in fur. (AC +1)
You have very tough skin. (AC +2)


Message History

You gain the combat prowess of a mighty hero.
Snorg bites you!
* * * LOW HITPOINT WARNING * * *
Snorg closely misses you. x3; Snorg claws you!
* * * LOW HITPOINT WARNING * * *
Snorg claws you but does no damage.
You claw Snorg!
Snorg is almost dead.
Snorg barely misses you. Snorg claws you.
* * * LOW HITPOINT WARNING * * *
Snorg misses you.
You scratch Snorg but do no damage.
Snorg is almost dead.
Snorg closely misses you. Snorg claws you.
* * * LOW HITPOINT WARNING * * *
Snorg barely misses you.
You claw Snorg!
Snorg is almost dead.
Snorg bites you!
You die...

##..............#......######....
............'####................
.....>.....#..................)##
..รท#...#...#...................#.
...........#...................#.
...........#.#####.....######..#.
.......#.....#...#.....# #..#.
#............#..T#.....# #..##
#............#..@#.....# #....
#............#...#.....# #....
...#####.....#...#.....# ####....
...# #.....###'#.....###.......
...# #.....................)...
...# #............######.......
#..# #............'....#.......
#..# #.....#####..#....#.......
#..# #.....# #..'....#....)..


You could see Snorg (berserk).

Vanquished Creatures
  Gastronok (D:8)
  The ghost of Nicoed the Geomancer, a journeyman OpEE of Vehumet (D:10)
  Harold (D:10)
  2 two-headed ogres
  Erica (D:8)
  An unseen horror (D:8)
  A gargoyle (D:10)
  2 trolls
  2 hornets (D:8)
  A yak (D:10)
  A vampire (D:10)
  Grum (D:10)
  A soldier ant (D:8)
  2 porcupines (D:10)
  An ice beast (D:9)
  4 sky beasts
  A black bear (D:8)
  4 orc warriors
  3 wolves (D:10)
  4 ogres
  3 centaurs
  2 wyvern zombies
  6 big kobolds (D:10)
  3 bullfrogs
  3 gnoll sergeants (D:10)
  3 scorpions
  3 killer bees (D:8)
  3 wights (D:9)
  5 crimson imps
  A bullfrog zombie (D:8)
  A centaur zombie (D:5)
  2 jellies (D:7)
  2 quasits (D:8)
  2 human zombies (Ossuary)
  10 orc priests
  3 hounds
  19 orc wizards
  A bullfrog skeleton (D:7)
  A centaur skeleton (D:10)
  5 iguanas
  6 worker ants
  Natasha (thrice) (D:4)
  2 hell rats (D:10)
  2 big kobold zombies (Ossuary)
  4 mummies
  A worker ant zombie (D:10)
  Robin (D:3)
  A howler monkey skeleton (D:5)
  6 gnolls
  5 adders
  5 shadow imps
  2 oozes
  4 worms
  3 dart slugs
  5 leopard geckos
  55 orcs
  A ball python (D:4)
  6 bats
  4 giant cockroaches
  25 goblins
  13 hobgoblins
  6 jackals
  7 quokkas
  A ball python skeleton (D:4)
  4 frilled lizards
  3 gnoll zombies (Ossuary)
  A hobgoblin zombie (D:6)
  10 kobolds
  A kobold zombie (Ossuary)
  2 leopard gecko skeletons
  A leopard gecko zombie (D:7)
  An orc zombie (D:6)
  A quokka skeleton (D:8)
  11 rats
316 creatures vanquished.

Notes
Turn   | Place    | Note
-------+----------+-------------------------------------------
     0 | D:1      | dricus the Troll Monk began the quest for the Orb.
     0 | D:1      | Reached XP level 1. HP: 22/22 MP: 0/0
   160 | D:1      | Reached XP level 2. HP: 29/29 MP: 1/1
   411 | D:1      | Reached skill level 4 in Unarmed Combat
   632 | D:1      | Reached XP level 3. HP: 36/36 MP: 2/2
  1422 | D:3      | Reached XP level 4. HP: 44/44 MP: 3/3
  1499 | D:3      | Reached skill level 5 in Unarmed Combat
  1511 | D:3      | Noticed Robin
  1517 | D:3      | Killed Robin
  1678 | D:3      | Found a shattered altar of Ashenzari.
  1854 | D:3      | Reached XP level 5. HP: 50/50 MP: 4/4
  1877 | D:3      | Reached skill level 6 in Unarmed Combat
  2325 | D:4      | Noticed an ogre
  2348 | D:4      | Killed an ogre
  2348 | D:4      | Reached XP level 6. HP: 41/59 MP: 5/5
  2409 | D:4      | Reached skill level 7 in Unarmed Combat
  2482 | D:4      | Noticed Natasha
  2494 | D:4      | Killed Natasha
  2632 | D:4      | Noticed Natasha
  2640 | D:4      | Killed Natasha
  2698 | D:4      | Noticed Natasha
  2707 | D:4      | Killed Natasha
  2749 | D:4      | Found an opulent altar of Gozag.
  3245 | D:5      | Entered Level 5 of the Dungeon
  3275 | D:5      | Found a staircase to the Ecumenical Temple.
  3291 | D:5      | Reached skill level 8 in Unarmed Combat
  3291 | D:5      | Reached XP level 7. HP: 39/66 MP: 6/6
  3346 | Temple   | Entered the Ecumenical Temple
  3448 | Temple   | Became a worshipper of Warmaster Okawaru
  3448 | Temple   | Reached * piety under Okawaru
  3448 | Temple   | Reached ** piety under Okawaru
  3533 | D:5      | Found Lusasuf's Antique Weapon Shoppe.
  4232 | D:6      | Found Xiwi's Magic Scroll Shoppe.
  4240 | D:6      | Bought a scroll of remove curse for 33 gold pieces
  4240 | D:6      | Bought a scroll of teleportation for 33 gold pieces
  4240 | D:6      | Bought a scroll of teleportation for 33 gold pieces
  4240 | D:6      | Bought a scroll of remove curse for 33 gold pieces
  4240 | D:6      | Bought a scroll of teleportation for 33 gold pieces
  4333 | D:6      | Found a sand-covered staircase.
  4340 | Ossuary  | Entered an ossuary
  4395 | Ossuary  | Reached skill level 9 in Unarmed Combat
  4758 | D:6      | Reached XP level 8. HP: 65/74 MP: 7/7
  5180 | D:6      | Reached skill level 10 in Unarmed Combat
  5691 | D:7      | Reached *** piety under Okawaru
  5758 | D:7      | Reached skill level 11 in Unarmed Combat
  6516 | D:7      | Reached XP level 9. HP: 42/80 MP: 8/8
  6627 | D:7      | Reached skill level 12 in Unarmed Combat
  6973 | D:8      | Reached **** piety under Okawaru
  7127 | D:8      | Noticed a two-headed ogre
  7139 | D:8      | Killed a two-headed ogre
  7139 | D:8      | Reached skill level 13 in Unarmed Combat
  7294 | D:8      | Noticed Gastronok
  7305 | D:8      | Killed Gastronok
  7305 | D:8      | Reached ***** piety under Okawaru
  7305 | D:8      | Reached skill level 5 in Fighting
  7305 | D:8      | Reached XP level 10. HP: 73/96 MP: 6/9
  7436 | D:8      | Reached skill level 14 in Unarmed Combat
  7513 | D:8      | Killed an unseen horror
  7853 | D:8      | Noticed Erica
  7877 | D:8      | Killed Erica
  8135 | D:8      | Received a gift from Okawaru
  8143 | D:8      | Got an encrusted troll leather armour {god gift}
  8182 | D:8      | Identified the +2 troll leather armour "Namoagg" {rC+++ Regen+ Str-4 Stlth+} (Okawaru gifted it to you on level 8 of the Dungeon)
  9293 | D:10     | Entered Level 10 of the Dungeon
  9306 | D:10     | Reached skill level 1 in Invocations
  9374 | D:10     | Noticed Nicoed's ghost (journeyman OpEE)
  9415 | D:10     | Killed Nicoed's ghost
  9415 | D:10     | Reached skill level 15 in Unarmed Combat
  9415 | D:10     | Reached XP level 11. HP: 85/107 MP: 9/11
  9715 | D:10     | Noticed Grum
  9738 | D:10     | Killed Grum
  9852 | D:10     | Found a staircase to the Lair.
  9984 | D:10     | Noticed a two-headed ogre
  9994 | D:10     | Noticed Harold
 10037 | D:10     | Killed a two-headed ogre
 10090 | D:10     | Killed Harold
 10194 | D:10     | Found a staircase to the Orcish Mines.
 10254 | D:10     | Received a gift from Okawaru
 10488 | D:10     | Noticed Snorg
 10506 | D:10     | Mangled by Snorg

Skill      XL: |  1  2  3  4  5  6  7  8  9 10 11 |
---------------+----------------------------------+-----
Unarmed Combat | 4 5 6 8 9 11 13 15 | 15.6
Fighting       | 5 6 7 |  7.2
Invocations    | 1 3 |  3.7
Dodging        | |  2.4
Stealth        | |  1.0

Action                   |  1- 3 |  4- 6 |  7- 9 | 10-12 || total
-------------------------+-------+-------+-------+-------++-------
Melee: Unarmed           |    97 |   170 |   300 |   297 ||   864
       Punch             |     2 |     3 |    15 |    21 ||    41
 Fire: Hunting sling     |       |     5 |     3 |       ||     8
Throw: Stone             |    18 |       |       |       ||    18
Invok: Heroism           |       |       |     2 |     6 ||     8
       Finesse           |       |       |       |     2 ||     2
  Use: Scroll            |       |     5 |     3 |     4 ||    12
 Stab: Sleeping          |       |     5 |     5 |     4 ||    14
       Distracted        |       |       |     3 |     2 ||     5
  Eat: Chunk             |    18 |    17 |    37 |    29 ||   101
Armor: Robe              |    39 |    34 |    53 |    15 ||   141
       Troll leather arm |       |       |       |   112 ||   112
Dodge: Dodged            |    54 |    56 |    97 |   116 ||   323
